 Dungeon Crawl Stone Soup version 0.21.1-1-g345015fe64 (webtiles) character file.

9432 NullDivider the Covert (level 11, -2/80 HPs)
             Began as an Octopode Assassin on Apr 30, 2018.
             Was an Initiate of Gozag.
             Slain by a two-headed ogre
             ... wielding a +0 giant spiked club
              (21 damage)
             ... on level 10 of the Dungeon.
             The game lasted 00:39:01 (11635 turns).

NullDivider the Covert (Octopode Assassin)         Turns: 11635, Time: 00:39:01

Health: -2/80      AC:  2    Str: 13    XL:     11   Next: 46%
Magic:  11/11      EV: 18    Int: 13    God:    Gozag
Gold:   1608       SH: 14    Dex: 18    Spells: 10/10 levels left

rFire    . . .     SeeInvis .   o - +2 short sword (elec)
rCold    . . .     Gourm    .   r - +2 shield "Eskotoad" {rN+ MR+ Str+3}
rNeg     + . .     Faith    .   y - +1 hat
rPois    .         Spirit   .   g - +3 amulet of reflection
rElec    .         Reflect  +   (no ring)
rCorr    .         Harm     .   (no ring)
MR       +....                  (no ring)
Stlth    ++++++....             (no ring)
HPRegen  0.23/turn              (no ring)
MPRegen  0.12/turn              (no ring)
                                (no ring)
                                (no ring)

@: no status effects
A: almost no armour, stealthy swim, amphibious, 8 rings, constrict 8, camouflage
1, gelatinous body 1
a: Potion Petition, Call Merchant, Bribe Branch, Renounce Religion


You were on level 10 of the Dungeon.
You worshipped Gozag.
Gozag was most pleased with you.
You were not hungry.

You visited 2 branches of the dungeon, and saw 11 of its levels.

You collected 1671 gold pieces.
You paid 63 gold pieces to Gozag.

Inventory:

Hand Weapons
 b - a +0 blowgun
 i - a +1 dagger of venom
 o - a +2 short sword of electrocution (weapon)
Missiles
 c - 47 poisoned needles
 d - 2 curare-tipped needles
Armour
 r - the +2 shield "Eskotoad" (worn) {rN+ MR+ Str+3}
   (You found it on level 5 of the Dungeon)

   It affects your strength (+3).
   It protects you from negative energy.
   It affects your resistance to hostile enchantments.
 y - a +1 hat (worn)
Jewellery
 g - a +3 amulet of reflection (around mantle)
Wands
 j - a wand of acid (7)
 v - a wand of iceblast (9)
 x - a wand of flame (54)
Scrolls
 a - 2 scrolls of fear
 h - 3 scrolls of blinking
 k - a scroll of magic mapping {unknown}
 l - 2 scrolls of amnesia {unknown}
 q - a scroll of random uselessness {unknown}
 t - 3 scrolls of teleportation
 u - a scroll of enchant weapon {unknown}
 w - 4 scrolls of remove curse
 C - a scroll of noise {unknown}
Potions
 e - a potion of lignification
 m - 3 potions of brilliance
 n - 3 potions of heal wounds {unknown}
 p - 3 potions of berserk rage
 s - a potion of mutation {unknown}
 z - a potion of degeneration {unknown}
 A - a potion of agility {unknown}
Books
 B - a book of Cantrips

   Spells                             Type                      Level
   a - Confusing Touch                Hexes                        1
   b - Animate Skeleton               Necromancy                   1
   c - Summon Small Mammal            Summoning                    1
   d - Apportation                    Translocation                1
Comestibles
 f - 8 rations


   Skills:
 * Level 9.2 Fighting
 * Level 9.1 Short Blades
 - Level 5.0 Throwing
 * Level 9.0 Dodging
 + Level 10.2 Stealth
 + Level 3.9 Shields


You had 10 spell levels left.
You didn't know any spells.

Dungeon Overview and Level Annotations

Branches:
Dungeon (10/15)            Temple (1/1) D:5
   Lair: D:8-11         Orc: D:9-12

Altars:
Ashenzari
Cheibriados
Dithmenos
Elyvilon
Fedhas
Gozag
Hepliaklqana
Kikubaaqudgha
Makhleb
Nemelex Xobeh
Okawaru
Qazlal
Ru
Sif Muna
Trog
Uskayaw
Vehumet
Wu Jian
Xom
Yredelemnul
Zin
The Shining One
Lugonu

Shops:
D:4 }


Innate Abilities, Weirdness & Mutations

You cannot wear most types of armour.
You are very stealthy in the water. (Stealth+)
You are amphibious.
You can wear up to eight rings at the same time.
You can use your tentacles to constrict eight enemies at once.
Your skin changes colour to match your surroundings (Stealth+).
Your rubbery body absorbs attacks. (AC +1, EV +1)


Message History

You start resting.
HP restored.
You climb downwards.
A wight comes into view. It is wielding an enchanted falchion.
The bullfrog zombie hits you! You block the wight's attack.
The two-headed ogre hits you with a giant spiked club!
The two-headed ogre barely misses you. The troll bites you!
The troll misses you. You block the troll's attack.
The bullfrog zombie barely misses you.
The wight hits you with a hand axe of freezing!
The wight freezes you.
There is a stone staircase leading up, spattered with blood here.
Things that are here:
6 gold pieces; a ring mail; a falchion You block the bullfrog zombie's attack.
The troll bites you!
* * * LOW HITPOINT WARNING * * *
The troll barely misses you. The troll closely misses you.
The two-headed ogre hits you with a giant spiked club!!
You die...
Your body crumbles into a pile of gold.

## .... ..# ##
.... ...##. ...(.
#.... ..... #..#.
....o.
)..####c.....
#..#...o...#
##z#O.###..
#.$@Z.......
#.z..T.....≈≈
.............8≈≈
..............≈≈
#.......#####....
O....##.# #...
#.... #.. #.. ...
..


You could see a two-headed ogre, a troll, a centaur, 2 wights, an orc wizard, an
orc and a bullfrog zombie.

Vanquished Creatures
  2 two-headed ogres (D:8)
  The ghost of NullDivider the Sneak, a novice OpAs of Gozag (D:6)
  Prince Ribbit (D:9)
  3 hippogriffs (D:7)
  A spriggan (D:8)
  2 wraiths
  5 yaks (D:9)
  Grum (D:9)
  A water moccasin (D:6)
  5 orc warriors
  3 ice beasts
  A sky beast (D:6)
  A black bear (D:7)
  A necrophage (D:9)
  6 ogres
  4 wolves (D:9)
  A centaur (D:9)
  A crocodile (D:9)
  A big kobold (D:8)
  7 bullfrogs
  An elf skeleton (D:7)
  A water moccasin zombie (D:5)
  A wyvern skeleton (D:9)
  4 scorpions
  9 killer bees
  12 wights
  7 crimson imps
  A bullfrog zombie (D:9)
  2 quasits
  5 hounds
  3 human zombies (D:7)
  3 jellies
  8 orc priests
  A centaur skeleton (D:9)
  2 human skeletons (D:7)
  3 iguanas
  2 worker ants
  16 orc wizards
  A hound skeleton (D:6)
  3 mummies (D:7)
  A worker ant zombie (D:9)
  9 adders
  4 shadow imps
  2 oozes
  2 adder skeletons
  2 worms (D:2)
  A dart slug (D:2)
  4 leopard geckos
  41 orcs
  3 ball pythons
  2 bats
  10 giant cockroaches
  11 hobgoblins
  2 jackals (D:4)
  3 quokkas
  2 frilled lizards
  12 goblins
  10 kobolds
  A leopard gecko skeleton (D:3)
  A quokka skeleton (D:4)
  5 rats
261 creatures vanquished.

Notes
Turn   | Place    | Note
-------+----------+-------------------------------------------
     0 | D:1      | NullDivider the Octopode Assassin began the quest for the Orb.
     0 | D:1      | Reached XP level 1. HP: 14/14 MP: 1/1
   169 | D:1      | Reached XP level 2. HP: 18/19 MP: 2/2
   735 | D:2      | Reached XP level 3. HP: 25/25 MP: 3/3
  1673 | D:3      | Reached XP level 4. HP: 22/30 MP: 4/4
  2205 | D:3      | Found a hide-covered altar of Uskayaw.
  2210 | D:3      | Noticed an enchanted dagger
  2210 | D:3      | Noticed a hand axe
  2538 | D:4      | Found a hazy altar of Hepliaklqana.
  2661 | D:3      | Reached XP level 5. HP: 20/36 MP: 5/5
  3184 | D:4      | Reached skill level 6 in Stealth
  3191 | D:4      | Reached XP level 6. HP: 17/42 MP: 6/6
  3830 | D:4      | Reached XP level 7. HP: 48/48 MP: 7/7
  3863 | D:4      | Found a snail-covered altar of Cheibriados.
  3863 | D:4      | Found a faded altar of an unknown god.
  3869 | D:4      | Found a faded altar of an unknown god.
  3871 | D:4      | Found a blossoming altar of Fedhas.
  3873 | D:4      | Found an ornate altar of the Wu Jian Council.
  4081 | D:4      | Found Doicuapt's Gadget Boutique.
  4236 | D:5      | Entered Level 5 of the Dungeon
  4251 | D:5      | Found a bloodstained altar of Trog.
  4663 | D:5      | Found a staircase to the Ecumenical Temple.
  4826 | D:5      | Got a spiked shield
  4944 | D:5      | Reached XP level 8. HP: 54/54 MP: 8/8
  5029 | D:5      | Found a burning altar of Makhleb.
  5181 | D:5      | Identified the +2 shield "Eskotoad" {rN+ MR+ Str+3} (You found it on level 5 of the Dungeon)
  5230 | Temple   | Entered the Ecumenical Temple
  5246 | Temple   | Became a worshipper of Gozag Ym Sagoz the Greedy
  5466 | D:6      | Reached skill level 7 in Stealth
  5476 | D:6      | Reached skill level 5 in Fighting
  5512 | D:6      | Reached skill level 5 in Short Blades
  6142 | D:6      | Reached skill level 5 in Dodging
  6165 | D:6      | Found a glowing golden altar of the Shining One.
  6173 | D:6      | Found a glowing silver altar of Zin.
  6175 | D:6      | Found a white marble altar of Elyvilon.
  6285 | D:6      | Noticed NullDivider's ghost (novice OpAs)
  6315 | D:6      | Killed NullDivider's ghost
  6315 | D:6      | Reached XP level 9. HP: 20/62 MP: 9/9
  6559 | D:6      | Found a radiant altar of Vehumet.
  6767 | D:7      | Reached skill level 8 in Stealth
  7316 | D:7      | Found a bloodstained altar of Trog.
  7919 | D:7      | Found an ancient bone altar of Kikubaaqudgha.
  7978 | D:7      | Reached skill level 5 in Throwing
  8226 | D:7      | Reached XP level 10. HP: 65/71 MP: 10/10
  8277 | D:7      | Reached skill level 1 in Shields
  8422 | D:7      | Found a basalt altar of Yredelemnul.
  8518 | D:7      | Reached skill level 9 in Stealth
  8751 | D:8      | Noticed a two-headed ogre
  8762 | D:8      | Killed a two-headed ogre
  8861 | D:8      | Found a glowing golden altar of the Shining One.
  8898 | D:8      | Noticed a two-headed ogre
  9951 | D:8      | Killed a two-headed ogre
  9951 | D:8      | Reached XP level 11. HP: 27/78 MP: 11/11
 10195 | D:8      | Found a deep blue altar of Sif Muna.
 10345 | D:9      | Noticed Prince Ribbit
 10355 | D:9      | Killed Prince Ribbit
 10370 | D:9      | Found a shattered altar of Ashenzari.
 10709 | D:9      | Found a sparkling altar of Nemelex Xobeh.
 10808 | D:9      | Reached skill level 10 in Stealth
 11289 | D:9      | Noticed Grum
 11306 | D:9      | Killed Grum
 11462 | D:9      | Found an iron altar of Okawaru.
 11507 | D:10     | Entered Level 10 of the Dungeon
 11518 | D:10     | Noticed a two-headed ogre
 11635 | D:10     | Slain by a two-headed ogre

Skill      XL: |  1  2  3  4  5  6  7  8  9 10 11 |
---------------+----------------------------------+-----
Dodging        | 2 3 4 5 6 8 9 |  9.0
Fighting       | 3 4 6 7 8 9 |  9.2
Short Blades   | 3 4 6 7 8 9 |  9.1
Stealth        | 6 7 8 9 10 | 10.2
Throwing       | 3 4 5 |  5.0
Shields        | 3 |  3.9

Action                   |  1- 3 |  4- 6 |  7- 9 | 10-12 || total
-------------------------+-------+-------+-------+-------++-------
Melee: Dagger            |    74 |    17 |       |       ||    91
       Constrict         |    22 |    20 |    44 |    35 ||   121
       Tentacles         |     8 |    10 |    42 |    57 ||   117
       Short sword       |       |    53 |   213 |   327 ||   593
  Use: Scroll            |       |     3 |       |     9 ||    12
       Potion            |       |       |       |     2 ||     2
 Stab: Sleeping          |     7 |     6 |    21 |    22 ||    56
       Distracted        |       |     1 |     2 |     5 ||     8
  Eat: Chunk             |     2 |     6 |     5 |       ||    13
       Ration            |       |       |     3 |     3 ||     6
Armor: Skin              |     5 |     3 |     3 |    51 ||    62
Dodge: Dodged            |    41 |    25 |    74 |    94 ||   234
Block: Shield            |       |       |    53 |   137 ||   190
       Reflection        |       |       |       |     1 ||     1
